TOP OF THE 1ST |
Elkins Sting Rays batting - Pitching for Quincy Doughboys : RHP Manuel Castro
|
Pitching: RHP Manuel Castro
|
|
Batting: RHB Marcos García
|
0-0: Called Strike 0-1: Ball 1-1: Ball 2-1: Swinging Strike 2-2: Strikes out looking
|
Batting: LHB Ángel Flores
|
0-0: Ball 1-0: Ball 2-0: Called Strike 2-1: Foul Ball, location: 2F 2-2: Ball 3-2: Foul Ball, location: 2F 3-2: Ground out U3 (Groundball, 3)
|
Batting: SHB Ángel González
|
0-0: Called Strike 0-1: Called Strike 0-2: Ball 1-2: Strikes out swinging
|
Top of the 1st over - 0 run(s), 0 hit(s), 0 error(s), 0 left on base; Elkins 0 - Quincy 0 |
BOTTOM OF THE 1ST |
Quincy Doughboys batting - Pitching for Elkins Sting Rays : RHP Ramón Flores
|
Pitching: RHP Ramón Flores
|
|
Batting: RHB Jorge Chávez
|
0-0: Called Strike 0-1: Ball 1-1: Ball 2-1: SINGLE (Groundball, 34D)
|
Batting: RHB Marlon Hernández
|
0-0: Called Strike 0-1: Foul Ball, location: 2F 0-2: Foul Ball, location: 2F 0-2: Ball 1-2: Ball 2-2: Strikes out looking
|
Batting: LHB Marv Gardner
|
0-0: Ball 1-0: Called Strike 1-1: Ball Throwing error on steal attempt, E2 Jorge Chávez to third 2-1: Ball 3-1: Foul Ball, location: 2F 3-2: Base on Balls
|
Batting: LHB Alberto Castellanos
|
0-0: Ball 1-0: Ball 2-0: Ball 3-0: Base on Balls Marv Gardner to second
|
Batting: LHB Seth Sullivan
|
0-0: Ball 1-0: Swinging Strike 1-1: Fly out, F7 (Flyball, 7) Runner from 3rd tags up, SCORES, no throw
|
Batting: RHB Miguel Medina
|
0-0: Ball 1-0: Called Strike 1-1: Swinging Strike 1-2: SINGLE (Groundball, 6M) (infield hit) Marv Gardner to third Alberto Castellanos to second
|
Pinch Runner at 1st António Gutiérrez:
|
|
Batting: LHB Mario Álvarez
|
0-0: Ball 1-0: Called Strike 1-1: Ball 2-1: SINGLE (Line Drive, 6D) Marv Gardner scores Alberto Castellanos to third António Gutiérrez to second Runner from 3rd tries for Home, SAFE, no throw
|
Batting: RHB Domingo Laydón
|
0-0: Ball 1-0: Ball 2-0: Ball 3-0: Called Strike 3-1: Foul Ball, location: 2F 3-2: Strikes out swinging
|
Bottom of the 1st over - 3 run(s), 3 hit(s), 1 error(s), 2 left on base; Elkins 0 - Quincy 3 |
TOP OF THE 2ND |
Elkins Sting Rays batting - Pitching for Quincy Doughboys : RHP Manuel Castro
|
Batting: RHB Larry Crawford
|
0-0: Ball 1-0: Ball 2-0: Foul Ball, location: 2F 2-1: Swinging Strike 2-2: Fly out, F7 (Flyball, 7)
|
Batting: LHB Joe Storms
|
0-0: Fly out, F7 (Flyball, 78M)
|
Batting: RHB Alfonso Sánchez
|
0-0: Ball 1-0: Foul Ball, location: 2F 1-1: Foul Ball, location: 2F 1-2: Ball 2-2: SOLO HOME RUN (Flyball, 78XD), Distance : 419 ft
|
Batting: RHB Jesús Ruíz
|
0-0: Ball 1-0: Fly out, F8 (Flyball, 8LM)
|
Top of the 2nd over - 1 run(s), 1 hit(s), 0 error(s), 0 left on base; Elkins 1 - Quincy 3 |
BOTTOM OF THE 2ND |
Quincy Doughboys batting - Pitching for Elkins Sting Rays : RHP Ramón Flores
|
Batting: RHB Henry Haines
|
0-0: Called Strike 0-1: Ball 1-1: Called Strike 1-2: Strikes out looking
|
Batting: RHB Jorge Chávez
|
0-0: Ball 1-0: Ball 2-0: Ball 3-0: Called Strike 3-1: Ground out 5-3 (Groundball, 5L)
|
Batting: RHB Marlon Hernández
|
0-0: Fly out, F4 (Popup, 4)
|
Bottom of the 2nd over - 0 run(s), 0 hit(s), 0 error(s), 0 left on base; Elkins 1 - Quincy 3 |
TOP OF THE 3RD |
Elkins Sting Rays batting - Pitching for Quincy Doughboys : RHP Manuel Castro
|
Batting: RHB Jorge Paredes
|
0-0: Ground out 5-3 (Groundball, 56S)
|
Batting: RHB Pedro Betancourt
|
0-0: Ball 1-0: Ball 2-0: Ground out 4-3 (Groundball, 4M)
|
Batting: RHB Marcos García
|
0-0: Ball 1-0: Foul Ball, location: 2F 1-1: Foul Ball, location: 2F 1-2: Ball 2-2: Strikes out swinging
|
Top of the 3rd over - 0 run(s), 0 hit(s), 0 error(s), 0 left on base; Elkins 1 - Quincy 3 |
BOTTOM OF THE 3RD |
Quincy Doughboys batting - Pitching for Elkins Sting Rays : RHP Ramón Flores
|
Batting: LHB Marv Gardner
|
0-0: Foul Ball, location: 2F 0-1: SOLO HOME RUN (Flyball, 8RXD), Distance : 436 ft
|
Batting: LHB Alberto Castellanos
|
0-0: Called Strike 0-1: Ball 1-1: SINGLE (Line Drive, 6D)
|
Batting: LHB Seth Sullivan
|
0-0: Called Strike Alberto Castellanos is caught stealing 2nd base 0-1: Ball 1-1: Ground out 4-3 (Groundball, 4)
|
Batting: LHB António Gutiérrez
|
0-0: Ball 1-0: Called Strike 1-1: Ground out 4-3 (Groundball, 4)
|
Bottom of the 3rd over - 1 run(s), 2 hit(s), 0 error(s), 0 left on base; Elkins 1 - Quincy 4 |
TOP OF THE 4TH |
Elkins Sting Rays batting - Pitching for Quincy Doughboys : RHP Manuel Castro
|
Batting: LHB Ángel Flores
|
0-0: Ball 1-0: Ball 2-0: Ball 3-0: Base on Balls
|
Batting: SHB Ángel González
|
0-0: Ball Ángel Flores is caught stealing 2nd base 1-0: SOLO HOME RUN (Flyball, 9D), Distance : 358 ft
|
Batting: RHB Larry Crawford
|
0-0: Foul Ball, location: 2F 0-1: Ball 1-1: Called Strike 1-2: Strikes out swinging
|
Batting: LHB Joe Storms
|
0-0: Ground out 4-3 (Groundball, 4)
|
Top of the 4th over - 1 run(s), 1 hit(s), 0 error(s), 0 left on base; Elkins 2 - Quincy 4 |
BOTTOM OF THE 4TH |
Quincy Doughboys batting - Pitching for Elkins Sting Rays : RHP Ramón Flores
|
Batting: LHB Mario Álvarez
|
0-0: Fly out, F9 (Flyball, 9)
|
Batting: RHB Domingo Laydón
|
0-0: Ball 1-0: Swinging Strike 1-1: Ball 2-1: Fly out, F8 (Line Drive, 8LS)
|
Batting: RHB Henry Haines
|
0-0: Ball 1-0: Ball 2-0: Swinging Strike 2-1: Foul Ball, location: 2F 2-2: Strikes out swinging
|
Bottom of the 4th over - 0 run(s), 0 hit(s), 0 error(s), 0 left on base; Elkins 2 - Quincy 4 |
TOP OF THE 5TH |
Elkins Sting Rays batting - Pitching for Quincy Doughboys : RHP Manuel Castro
|
Batting: RHB Alfonso Sánchez
|
0-0: Ball 1-0: Called Strike 1-1: Swinging Strike 1-2: Ball 2-2: Strikes out looking
|
Batting: RHB Jesús Ruíz
|
0-0: Ball 1-0: Ball 2-0: SINGLE (Flyball, 9LS)
|
Batting: RHB Jorge Paredes
|
0-0: Foul Ball, location: 2F 0-1: Foul Ball, location: 2F 0-2: Ball 1-2: Strikes out swinging
|
Batting: RHB Pedro Betancourt
|
0-0: Called Strike 0-1: Ball 1-1: Fly out, F8 (Flyball, 89M)
|
Top of the 5th over - 0 run(s), 1 hit(s), 0 error(s), 1 left on base; Elkins 2 - Quincy 4 |
BOTTOM OF THE 5TH |
Quincy Doughboys batting - Pitching for Elkins Sting Rays : RHP Ramón Flores
|
Batting: RHB Jorge Chávez
|
0-0: Called Strike 0-1: Ball 1-1: Ball 2-1: Foul Ball, location: 2F 2-2: Foul Ball, location: 2F 2-2: SINGLE (Groundball, 56) (infield hit)
|
Batting: RHB Marlon Hernández
|
0-0: Called Strike Jorge Chávez steals 2nd base 0-1: Ball 1-1: Fly out, F8 (Line Drive, 8RM)
|
Batting: LHB Marv Gardner
|
0-0: Called Strike 0-1: Ball 1-1: Ball 2-1: Fly out, F2 (Popup, 13S)
|
Batting: LHB Alberto Castellanos
|
0-0: Ball 1-0: Ball 2-0: Called Strike 2-1: Ground out 6-3 (Groundball, 6)
|
Bottom of the 5th over - 0 run(s), 1 hit(s), 0 error(s), 1 left on base; Elkins 2 - Quincy 4 |
TOP OF THE 6TH |
Elkins Sting Rays batting - Pitching for Quincy Doughboys : RHP Manuel Castro
|
Batting: RHB Marcos García
|
0-0: Ball 1-0: Called Strike 1-1: Foul Ball, location: 2F 1-2: Ball 2-2: Strikes out swinging
|
Batting: LHB Ángel Flores
|
0-0: Called Strike 0-1: Ball 1-1: Ball 2-1: Swinging Strike 2-2: Foul Ball, location: 2F 2-2: Foul Ball, location: 2F 2-2: Strikes out looking
|
Batting: SHB Ángel González
|
0-0: Ball 1-0: Foul Ball, location: 2F 1-1: Swinging Strike 1-2: Fly out, F7 (Flyball, 78XD)
|
Top of the 6th over - 0 run(s), 0 hit(s), 0 error(s), 0 left on base; Elkins 2 - Quincy 4 |
BOTTOM OF THE 6TH |
Quincy Doughboys batting - Pitching for Elkins Sting Rays : RHP Ramón Flores
|
Batting: LHB Seth Sullivan
|
0-0: Ball 1-0: Ball 2-0: Called Strike 2-1: Foul Ball, location: 2F 2-2: Strikes out swinging
|
Batting: LHB António Gutiérrez
|
0-0: Ball 1-0: Called Strike 1-1: Swinging Strike 1-2: Ground out 3-1 (Groundball, 34)
|
Batting: LHB Mario Álvarez
|
0-0: Ball 1-0: Ball 2-0: Ball 3-0: Foul Ball, location: 2F 3-1: Foul Ball, location: 2F 3-2: Foul Ball, location: 2F 3-2: DOUBLE (Flyball, 89D)
|
Pitching: LHP Cisco Sánchez
|
|
Batting: RHB Domingo Laydón
|
0-0: Called Strike 0-1: Ground out 1-3 (Groundball, 13S)
|
Bottom of the 6th over - 0 run(s), 1 hit(s), 0 error(s), 1 left on base; Elkins 2 - Quincy 4 |
TOP OF THE 7TH |
Elkins Sting Rays batting - Pitching for Quincy Doughboys : RHP Manuel Castro
|
Pitching: RHP Ramón Alaniz
|
|
Batting: RHB Larry Crawford
|
0-0: Ball 1-0: Swinging Strike 1-1: Foul Ball, location: 2F 1-2: Strikes out looking
|
Batting: LHB Joe Storms
|
0-0: Called Strike 0-1: Ball 1-1: Ground out 6-3 (Groundball, 6)
|
Batting: RHB Alfonso Sánchez
|
0-0: Called Strike 0-1: Ball 1-1: Ball 2-1: Ball 3-1: Called Strike 3-2: Foul Ball, location: 2F 3-2: Foul Ball, location: 2F 3-2: Ground out 6-3 (Groundball, 56)
|
Top of the 7th over - 0 run(s), 0 hit(s), 0 error(s), 0 left on base; Elkins 2 - Quincy 4 |
BOTTOM OF THE 7TH |
Quincy Doughboys batting - Pitching for Elkins Sting Rays : LHP Cisco Sánchez
|
Batting: RHB Henry Haines
|
0-0: Foul Ball, location: 2F 0-1: Ball 1-1: SINGLE (Groundball, 34D)
|
Pitching: RHP Manuel Cadenas
|
|
Batting: RHB Jorge Chávez
|
0-0: Ball 1-0: Called Strike 1-1: Foul Ball, location: 2F 1-2: Ball 2-2: Strikes out swinging
|
Batting: RHB Marlon Hernández
|
0-0: Ground out 5-3 (Groundball, 5S) Henry Haines to second
|
Batting: LHB Marv Gardner
|
0-0: Called Strike 0-1: Ball 1-1: Ball 2-1: 2-RUN HOME RUN (Flyball, 9D), Distance : 356 ft
|
Batting: LHB Alberto Castellanos
|
0-0: Ball 1-0: Fly out, F8 (Flyball, 8LS)
|
Bottom of the 7th over - 2 run(s), 2 hit(s), 0 error(s), 0 left on base; Elkins 2 - Quincy 6 |
TOP OF THE 8TH |
Elkins Sting Rays batting - Pitching for Quincy Doughboys : RHP Ramón Alaniz
|
Batting: RHB Jesús Ruíz
|
0-0: Foul Ball, location: 2F 0-1: Called Strike 0-2: Ball 1-2: Ball 2-2: Strikes out swinging
|
Batting: RHB Jorge Paredes
|
0-0: Swinging Strike 0-1: Ball 1-1: Ball 2-1: Foul Ball, location: 2F 2-2: Strikes out looking
|
Batting: RHB Pedro Betancourt
|
0-0: Ball 1-0: Fly out, F6 (Line Drive, 6)
|
Top of the 8th over - 0 run(s), 0 hit(s), 0 error(s), 0 left on base; Elkins 2 - Quincy 6 |
BOTTOM OF THE 8TH |
Quincy Doughboys batting - Pitching for Elkins Sting Rays : RHP Manuel Cadenas
|
Batting: LHB Seth Sullivan
|
0-0: SINGLE (Line Drive, 8LS)
|
Batting: LHB António Gutiérrez
|
0-0: Foul Ball, location: 2F 0-1: Reached on error, E4 (Groundball, 4) Seth Sullivan to second
|
Batting: LHB Mario Álvarez
|
0-0: Hit by Pitch Seth Sullivan to third António Gutiérrez to second
|
Batting: RHB Domingo Laydón
|
0-0: Foul Ball, location: 2F 0-1: Called Strike 0-2: Fly out, F9 (Flyball, 89S)
|
Batting: RHB Henry Haines
|
0-0: Ball 1-0: Ball 2-0: Called Strike 2-1: Called Strike 2-2: SINGLE (Groundball, 56D) Seth Sullivan scores António Gutiérrez to third Mario Álvarez to second Runner from 3rd tries for Home, SAFE, throw made home
|
Batting: RHB Jorge Chávez
|
0-0: Called Strike 0-1: Foul Ball, location: 2F 0-2: Ball 1-2: Foul Ball, location: 2F 1-2: Foul Ball, location: 2F 1-2: Ball 2-2: Foul Ball, location: 2F 2-2: Fly out, F8 (Line Drive, 78D)
|
Batting: RHB Marlon Hernández
|
0-0: Foul Ball, location: 2F 0-1: Fly out, F9 (Line Drive, 9S)
|
Bottom of the 8th over - 2 run(s), 2 hit(s), 1 error(s), 2 left on base; Elkins 2 - Quincy 8 |
TOP OF THE 9TH |
Elkins Sting Rays batting - Pitching for Quincy Doughboys : RHP Ramón Alaniz
|
Now at 1B: Tucker Cooper
|
|
Now at 3B: Vicente Barajas
|
|
Batting: RHB Marcos García
|
0-0: Ball 1-0: Called Strike 1-1: Called Strike 1-2: Ball 2-2: Ground out 6-3 (Groundball, 6)
|
Batting: LHB Ángel Flores
|
0-0: Called Strike 0-1: Ball 1-1: Swinging Strike 1-2: Ball 2-2: Strikes out swinging
|
Batting: SHB Ángel González
|
0-0: Ball 1-0: Called Strike 1-1: Fly out, F7 (Flyball, 7LM)
|
Top of the 9th over - 0 run(s), 0 hit(s), 0 error(s), 0 left on base; Elkins 2 - Quincy 8 |
|